AoeStats
← [NICE_ASS] BigMasi

African Clearing

504714985Analyzed
3v3 RM · 27d ago on Sep 6, 2026· 30m 36s· 6 players
Game mode
Random Map
Map size
Normal (6 player)
Population
200
Speed
Normal
Resources
Standard
Victory
Conquest
Starting age
Dark Age
Ending age
Imperial Age
RankedLock teamsTeams togetherTeam positionsShared explorationLock speedFull tech treeHidden civsTurbo modeCheats
Victory
Defeat
🇨🇭 Wei · Switzerland
1216
+11
🇪🇸 Spanish · Spain
1187
+12
🇨🇭 Koreans · Switzerland
1128
+14
🇷🇴 Khitans · Romania
1275
-20
🇩🇪 Teutons · Germany
1015
-9
🇭🇰 Japanese · Hong Kong SAR China
988
-8
FreakinAndry
9:19 Loom
14:25 Feudal Age
14:51 Double-Bit Axe
18:15 Fletching
23:40 Castle Age
26:45 Murder Holes
27:12 Ballistics
caxolator
3:18 Loom
13:25 Feudal Age
19:53 Castle Age
18:16 Town Watch
18:24 Stone Mining
20:58 Horse Collar
25:00 Padded Archer Armor
29:17 Heavy Plow
[NICE_ASS] BigMasi
6:25 Loom
14:21 Feudal Age
16:51 Fletching
17:07 Double-Bit Axe
28:03 Castle Age
27:05 Gold Mining
Dr.Lang
10:51 Loom
14:37 Feudal Age
14:38 Man-at-Arms
22:34 Castle Age
20:36 Scale Mail Armor
NoMercy
3:56 Loom
17:06 Feudal Age
18:03 Horse Collar
18:11 Double-Bit Axe
20:36 Wheelbarrow
26:16 Castle Age
24:56 Bloodlines
27:50 Hand Cart
28:03 Heavy Plow
29:23 Forging
29:18 Scale Barding Armor
29:46 Scale Barding Armor
PAX
3:11 Loom
13:46 Feudal Age
16:28 Forging
16:55 Domestication
17:45 Double-Bit Axe
23:39 Castle Age
23:12 Scale Barding Armor
25:17 Husbandry
24:55 Light Cavalry
27:40 Iron Casting
Connection lost

Rejoining the realm…

Still unreachable

The connection could not be restored.

Session expired

The server has moved on; the page needs a fresh start.